 Dungeon Crawl Stone Soup version 0.17.2-1-ge4368a0 (webtiles) character file.

4 tidbits the Insei (level 1, -2/15 HPs)
             Began as a Demigod Transmuter on Sept 21, 2017.
             Slain by a worm (7 damage)
             ... on level 2 of the Dungeon.
             The game lasted 00:00:53 (83 turns).

tidbits the Insei (Demigod Transmuter)                Turns: 83, Time: 00:00:53

Health: -2/15      AC:  2    Str: 13    XL:     1   Next: 40%
Magic:  4/5        EV: 12    Int: 17    God:
Gold:   0          SH:  0    Dex: 16    Spells: 1 memorised, 3 levels left

rFire  . . .     SeeInvis .       - Unarmed
rCold  . . .     Clarity  .     b - +0 robe
rNeg   . . .     SustAt   +     (no shield)
rPois  .         Gourm    .     (no helmet)
rElec  .         Spirit   .     (no cloak)
rCorr  .         Warding  .     (no gloves)
rMut   .         Stasis   .     (boots currently unavailable)
MR     .....                    (no amulet)
Stlth  +.........               (no ring)
                                (no ring)

@: appendage (expiring), not resistant to hostile enchantments, very unstealthy
A: talons 3, high mp 1, sustain attributes
a: End Transformation


You were on level 2 of the Dungeon.
You were not hungry.
You had grown temporary talons.
You visited 1 branch of the dungeon, and saw 2 of its levels.

Inventory:

Missiles
 a - 12 arrows
Armour
 b - a +0 robe (worn)
Books
 c - a book of Changes

   Spells                             Type                      Level
   a - Beastly Appendage              Transmutation                1
   b - Sticks to Snakes               Transmutation                2
   c - Spider Form                    Transmutation/Poison         3
   d - Ice Form                       Ice/Transmutation            4
   e - Blade Hands                    Transmutation                5
Comestibles
 d - a bread ration


   Skills:
 - Level 0.8 Fighting
 - Level 1.7 Dodging
 + Level 2.7 Unarmed Combat
 - Level 2.0 Spellcasting
 + Level 1.8 Transmutations


You had 3 spell levels left.
You knew the following spells:

 Your Spells              Type           Power        Failure   Level  Hunger
e - Beastly Appendage     Trmt           #.....       12%         1    #......


Dungeon Overview and Level Annotations

Branches:
Dungeon (2/15)


Innate Abilities, Weirdness & Mutations

You have an increased reservoir of magic (+10% MP).
Your attributes are resistant to harm.
You have claws for feet.


Message History

Welcome, tidbits the Demigod Transmuter.
Will you be the one to retrieve the fabulous Orb of Zot from the depths?
Press ? for a list of commands and other information.
Found a staircase leading out of the dungeon.
A giant newt comes into view.
Casting: Beastly Appendage
Confirm with . or Enter, or press ? or * to list all spells.
Your feet morph into talons.
Found 22 stones.
Your transformation is almost over.
You closely miss the giant newt. You claw the giant newt.
The giant newt is moderately wounded.
The giant newt barely misses you.
You hit the giant newt.
You kill the giant newt!
Found a stone staircase leading down.
Your talons disappear.
There is a stone staircase leading down here.
You climb downwards.
A rat and a giant cockroach come into view.
There is a stone staircase leading up here.
The helpless rat fails to defend itself.
You hit the rat.
The rat is severely wounded.
Casting: Beastly Appendage
Confirm with . or Enter, or press ? or * to list all spells.
Your feet morph into talons.
The rat misses you.
You barely miss the rat. Your kick misses the rat.
The rat is severely wounded.
The rat barely misses you.
You closely miss the rat. You claw the rat.
You kill the rat!
Your transformation is almost over.
You hit the giant cockroach.
You kill the giant cockroach!
There is a stone staircase leading up here.
Magic restored.
Your talons disappear.
You open the door.
There is an open door here.
As you open the door, it creaks loudly!
You open the door.
A kobold comes into view. It is wielding a whip.
Casting: Beastly Appendage
Confirm with . or Enter, or press ? or * to list all spells.
You grow a pair of large bovine horns.
There is an open door here.
The kobold shouts!
The kobold closely misses you.
You hit the kobold.
You headbutt the kobold, but do no damage.
The kobold is almost dead.
The kobold hits you with a whip.
You hit the kobold.
You kill the kobold!
Your Spellcasting skill increases to level 2!
A rat comes into view.
You see here a whip.
Your transformation is almost over.
You barely miss the rat. The rat bites you but does no damage.
You hit the rat but do no damage. Your headbutt misses the rat.
The rat bites you.
You hit the rat.
You kill the rat!
You see here a rat corpse.
Found a runed short sword.
Your horns disappear.
You open the door. You open the door.
There is an open door here.
A worm comes into view.
Casting: Beastly Appendage
Confirm with . or Enter, or press ? or * to list all spells.
Your feet morph into talons.
You aren't carrying any potions.
Unknown command.
You hit the worm.
The worm is lightly wounded.
You hit the worm. You claw the worm.
The worm is moderately wounded.
The worm closely misses you.
You hit the worm but do no damage. You claw the worm.
The worm is moderately wounded.
Your transformation is almost over.
You hit the worm. Your kick misses the worm.
The worm is heavily wounded.
The worm bites you!
Ouch! That really hurt!
* * * LOW HITPOINT WARNING * * *
You hit the worm but do no damage. You claw the worm.
The worm is heavily wounded.
The worm bites you!
You die...

#.....#'####..#.#........
#.....#...†...#.#'#......
.......#.).#..........#
##......#####..........#
#......#..............#
.... #)##....#+#'####
#.....#.#.####
.####.........#
......w@.#....#
#####..#.###### #......
##.#.### #.#.. #.### #.
##


You could see a worm.

Vanquished Creatures
  A kobold (D:2)
  A giant cockroach (D:2)
  A giant newt (D:1)
  2 rats (D:2)
5 creatures vanquished.

Notes
Turn   | Place    | Note
--------------------------------------------------------------
     0 | D:1      | tidbits the Demigod Transmuter began the quest for the Orb.
     0 | D:1      | Reached XP level 1. HP: 15/15 MP: 5/5
    54 | D:2      | Reached skill level 2 in Spellcasting
    83 | D:2      | Slain by a worm

Action                   || total
-------------------------++-------
Melee: Unarmed           ||    16
 Cast: Beastly Appendage ||     4
 Stab: Sleeping          ||     1

Table legend:
 A = Turns spent in this place as a percentage of turns spent in the entire game.
 B = Non-inter-level travel turns spent in this place as a percentage of non-inter-level travel turns spent in the entire game.
 C = Inter-level travel turns spent in this place as a percentage of turns spent in this place.
 D = Turns resting spent in this place as a percentage of non-inter-level travel turns spent in this place.
 E = Turns spent auto-exploring this place as a percentage of non-inter-level travel turns spent in this place.
 F = Non-inter-level travel turns spent in this place divided by the number of levels of this place that you've seen.
                   A       B       C       D       E      F
               +-------+-------+-------+-------+-------+----------------------
         Total | 100.0 | 100.0 |   0.0 |   0.0 |   0.0 |  42.5
       Dungeon | 100.0 | 100.0 |   0.0 |   0.0 |   0.0 |  42.5
               +-------+-------+-------+-------+-------+----------------------

Table legend:
 A = Kills in this place as a percentage of kills in entire the game.
 B = Kills by you in this place as a percentage of kills by you in the entire game.
 C = Kills by friends in this place as a percentage of kills by friends in the entire game.
 D = Other kills in this place as a percentage of other kills in the entire game.
 E = Experience gained in this place as a percentage of experience gained in the entire game.
 F = Experience gained in this place divided by the number of levels of this place that you have seen.
                   A       B       C       D       E      F
               +-------+-------+-------+-------+-------+----------------------
         Total | 100.0 | 100.0 |  -nan |  -nan | 100.0 |   3.0
       Dungeon | 100.0 | 100.0 |  -nan |  -nan | 100.0 |   3.0
               +-------+-------+-------+-------+-------+----------------------

Vault maps used:
D:1:      lightli_arrival_chessboard
